 Dungeon Crawl Stone Soup version 0.29.0-4-gdea44cf6ec (webtiles) character file.

Game seed: 11976893402477781294

39 qw the Chopper (level 3, -3/21 HPs)
             Began as a Tengu Warper on Aug 28, 2022.
             Killed from afar by Sigmund (9 damage)
             ... with a puff of flame
             ... on level 2 of the Dungeon.
             The game lasted 00:00:08 (1217 turns).

qw the Chopper (Tengu Warper)                       Turns: 1217, Time: 00:00:08

Health: -3/21      AC:  4    Str: 13    XL:     3   Next: 45%
Magic:  7/7        EV: 12    Int: 13    God:
Gold:   43         SH:  5    Dex: 13    Spells: 6/6 levels left

rFire   . . .      SeeInvis .   Y - +0 hand axe
rCold   . . .      Faith    .   (no shield)
rNeg    . . .      Spirit   .   b - +0 leather armour
rPois   .          Reflect  +   (helmet restricted)
rElec   .          Harm     .   h - +0 cloak
rCorr   .          Rampage  .   (no gloves)
Will    .....                   (boots unavailable)
Stlth   +.........              a - amulet of reflection
HPRegen 0.07/turn               (no ring)
MPRegen 0.10/turn               (no ring)

@: no status effects
A: beak, talons 3
a: no special abilities


You were on level 2 of the Dungeon.
You visited 1 branch of the dungeon, and saw 2 of its levels.

You collected 65 gold pieces.
You spent 22 gold pieces at shops.


Innate Abilities, Weirdness & Mutations

You have a beak for a mouth.
You have claws for feet.


   Skills:
 - Level 2.0 Fighting
 + Level 4.1 Axes
 - Level 1.0 Throwing
 - Level 1.1 Armour
 - Level 2.1 Dodging
 - Level 2.0 Spellcasting
 - Level 2.4 Translocations


You had 6 spell levels left.
You didn't know any spells.
Your spell library contained the following spells:

 Spells                   Type           Power      Damage    Failure   Level
 Blink                    Tloc           14%        N/A       19%         2
 Gell's Gravitas          Tloc           7%         N/A       36%         3
 Lesser Beckoning         Tloc           7%         N/A       36%         3
 Teleport Other           Tloc           7%         N/A       36%         3
 Manifold Assault         Tloc           7%         N/A       98%         5

Inventory:

Hand Weapons
 Y - a +0 hand axe (weapon)
Armour
 b - a +0 leather armour (worn)
 h - a +0 cloak (worn)
Jewellery
 a - an amulet of reflection (around neck)
Scrolls
 l - 2 scrolls of identify
Potions
 d - a potion of heal wounds
 g - a potion of haste
 j - a potion of degeneration {unknown}

Dungeon Overview and Level Annotations

Branches:
Dungeon (2/15)

Altars:

Shops:
D:1 *

Annotations:
D:2 Sigmund


Message History

You kill the bat!
You start resting.
HP restored.
You see here a ball python corpse.
Sigmund the Dreaded comes into view.
He is wielding a +0 scythe.
Sigmund shouts!
A hobgoblin comes into view.
Found 4 stones.
The hobgoblin shouts!
A ball python comes into view.
The ball python hisses angrily.
Sigmund completely misses you. You block Sigmund's attack.
You hit Sigmund but do no damage. Your kick misses Sigmund. You peck Sigmund.
Sigmund is lightly wounded.
You closely miss Sigmund. You claw Sigmund, but do no damage.
Sigmund is lightly wounded.
You hit the hobgoblin. Sigmund misses you. The hobgoblin hits you.
You hit the hobgoblin.
You kill the hobgoblin!
You hit Sigmund but do no damage. You hit the ball python.
You kill the ball python!
Sigmund gestures at you while chanting. The magic dart hits you!
You hit Sigmund.
Sigmund is moderately wounded.
Sigmund mumbles some strange words.
Sigmund flickers and vanishes!
Deactivating autopickup; reactivate with Ctrl-A.
You hit something. Something hits you.
You hit something but do no damage. Your kick misses something.
Something hits you but does no damage.
You barely miss something. You claw something! You peck something.
You hit something but do no damage. Your kick misses something.
You hear some strange, mumbled words.
A puff of flame appears from out of thin air!
The puff of flame hits you!
You die...

............##
................ .....#
............###.# .....#
................##.....#
........................
.....)...............(..
######.###..............
#...........%{..#+#
#.<.........@.....# ##
#%.............#.... .#
#..............# # .#
#..............# .#
#..............#
.####.......########
.##.......%##
.##.......%#
.##........#


There were no monsters in sight!

Vanquished Creatures
  An adder (D:2)
  A dart slug (D:1)
  4 ball pythons
  An endoplasm (D:1)
  4 giant cockroaches
  2 goblins
  4 hobgoblins
  3 quokkas (D:1)
  4 bats
  A rat (D:1)
25 creatures vanquished.

Notes
Turn   | Place    | Note
-------+----------+-------------------------------------------
     0 | D:1      | qw the Tengu Warper began the quest for the Orb.
     0 | D:1      | Reached XP level 1. HP: 12/12 MP: 4/4
     0 | D:1      | 0 ||| qw: Version: 0.1-a-89-g26bdef1
     0 | D:1      | 0 ||| qw: Game counter: 2548
     0 | D:1      | 0 ||| qw: Always use a shield: true
     0 | D:1      | 0 ||| qw: God list: Okawaru
     0 | D:1      | 0 ||| qw: Allow faded altars: false
     0 | D:1      | 0 ||| qw: Do Orc after D:15 true
     0 | D:1      | 0 ||| qw: Do second Lair branch before Depths: true
     0 | D:1      | 0 ||| qw: Lair rune preference: random
     0 | D:1      | 0 ||| qw: Plans: Normal
     0 | D:1      | 0 ||| PLANNING D:1-11
   222 | D:1      | Reached skill level 3 in Axes
   222 | D:1      | Reached XP level 2. HP: 17/17 MP: 6/6
   513 | D:1      | Found Bim Zoca's General Store.
   519 | D:1      | 519 ||| SHOPLISTING scroll of enchant armour (82 gold, have
                  | 42).
   519 | D:1      | 519 ||| BUYING scroll of identify (22 gold).
   519 | D:1      | Bought a scroll of identify for 22 gold pieces
   519 | D:1      | 519 ||| SHOPLISTING scroll of identify (22 gold, have 20).
   676 | D:1      | Found a faded altar of an unknown god.
   710 | D:1      | 710 ||| UPGRADING to +0 cloak.
   715 | D:1      | 715 ||| UPGRADING to amulet of guardian spirit.
   720 | D:1      | 720 ||| READING scroll labelled DIOXTO REUMA.
   721 | D:1      | 721 ||| READING scroll labelled HUIBLO RUOTH.
   725 | D:1      | 725 ||| DRINKING 2 orange potions.
   726 | D:1      | 726 ||| DROPPING scroll of blinking.
   754 | D:2      | 754 ||| FLEEEEING.
   756 | D:2      | 756 ||| STAIRDANCE
   781 | D:2      | 781 ||| STAIRDANCE
   843 | D:2      | Reached XP level 3. HP: 21/21 MP: 7/7
   954 | D:2      | Reached skill level 4 in Axes
   964 | D:2      | 964 ||| FLEEEEING.
   965 | D:2      | 965 ||| FLEEEEING.
   966 | D:2      | 966 ||| FLEEEEING.
   967 | D:2      | 967 ||| FLEEEEING.
   968 | D:2      | 968 ||| FLEEEEING.
   969 | D:2      | 969 ||| FLEEEEING.
   970 | D:2      | 970 ||| FLEEEEING.
   971 | D:2      | 971 ||| FLEEEEING.
   972 | D:2      | 972 ||| FLEEEEING.
   973 | D:2      | 973 ||| FLEEEEING.
   974 | D:2      | 974 ||| FLEEEEING.
   975 | D:2      | 975 ||| FLEEEEING.
   976 | D:2      | 976 ||| FLEEEEING.
   977 | D:2      | 977 ||| STAIRDANCE
  1020 | D:1      | 1020 ||| UPGRADING to amulet of reflection.
  1030 | D:1      | 1030 ||| DROPPING amulet of guardian spirit.
  1031 | D:1      | 1031 ||| READING 3 scrolls of identify.
  1031 | D:1      | 1031 ||| IDENTIFYING dark potion
  1032 | D:1      | 1032 ||| READING 2 scrolls of identify.
  1032 | D:1      | 1032 ||| IDENTIFYING fuming purple potion
  1033 | D:1      | 1033 ||| DROPPING potion of attraction.
  1045 | D:2      | 1045 ||| STAIRDANCE
  1205 | D:2      | Noticed Sigmund
  1214 | D:2      | HP: 5/21 [something (5)]
  1217 | D:2      | Killed from afar by Sigmund

Levels and vault maps discovered:
D:1:      tarquinn_simple_flora_water_d, layout_loops_ring,
          chequers_ecumenical_altar_grove, serial_shops,
          nicolae_shop_statue_plus
D:2:      kennysheep_big_flooded_room, layout_basic, basic_altar,
          kennysheep_generic_room_2, uniq_sigmund, uniq_crazy_yiuf_cottage

Skill      XL: |  1  2  3 |
---------------+----------+-----
Axes           | 3 4 |  4.1
Fighting       | |  2.0
Throwing       | |  1.0
Armour         | |  1.1
Dodging        | |  2.1
Spellcasting   | |  2.0
Translocations | |  2.4

Action                   || total
-------------------------++-------
Melee: Hand axe          ||    75
       Peck              ||    14
       Kick              ||    14
Throw: Boomerang         ||     7
  Use: Scroll            ||     4
       Potion            ||     1
 Stab: Sleeping          ||     1
Armor: Leather armour    ||    26
Dodge: Dodged            ||    40
Block: Other             ||     3

Table legend:
 A = Non-vault XP
 B = Vault XP
 C = Vault XP percentage of total XP
 D = Non-vault monster count
 E = Vault monster count
 F = Vault count percentage of total count
                 A         B        C        D         E       F
            +---------+---------+-------+---------+---------+-------
      Total |      56 |       0 |   0.0 |      25 |       0 |   0.0
            +---------+---------+-------+---------+---------+-------
        D:1 |      31 |       0 |   0.0 |      16 |       0 |   0.0
        D:2 |      25 |       0 |   0.0 |       9 |       0 |   0.0
            +---------+---------+-------+---------+---------+-------
